AoeStats
← Kaiser Ze

Arabia

509089733Analyzed
1v1 RM · 7d ago on Sep 25, 2026· 24m 15s· 2 players
Game mode
Random Map
Map size
Tiny (2 player)
Population
200
Speed
Normal
Resources
Standard
Victory
Conquest
Starting age
Dark Age
Ending age
Imperial Age
RankedLock teamsTeams togetherTeam positionsShared explorationLock speedFull tech treeHidden civsTurbo modeCheats
Victory
Defeat
🇧🇷 Franks · Brazil
1211
+16
🇨🇳 Varangians · China
1207
-16
Kaiser Ze
5:27 Loom
9:34 Feudal Age
11:34 Bloodlines
20:12 Double-Bit Axe
23:27 Castle Age
23:16 Gold Mining
24:51 Forging
24:47 Scale Barding Armor
Warthog
9:04 Feudal Age
10:03 Double-Bit Axe
10:28 Loom
14:06 Scale Mail Armor
14:16 Scale Barding Armor
16:30 Wheelbarrow
20:25 Castle Age
19:03 Gold Mining
20:12 Forging
20:31 Light Cavalry
21:13 Husbandry
21:33 Scale Mail Armor
22:01 Chain Barding Armor
25:00 Iron Casting
Connection lost

Rejoining the realm…

Still unreachable

The connection could not be restored.

Session expired

The server has moved on; the page needs a fresh start.